Bruins vs RedWings

Created - February 11, 2024 at 11:24

Goals
1 2 3 OT1 T
Bruins 2 1 0 0 3
RedWings 2 1 0 1 4
Shots
1 2 3 OT1 T
Bruins 11 6 12 0 29
RedWings 8 5 7 1 21

GoalsPenalties
1st period
1. Bruins , Bryan Rust 21 (Brady Skjei 18, Tyler Bertuzzi 17) at 4:03 (PP)
2. RedWings , Mark Scheifele 16 (David Perron 16, David Pastrnak 8) at 4:11
3. RedWings , Ryan Hartman 21 (Brayden Schenn 35, Ryan Murray 13) at 18:21
4. Bruins , Brady Skjei 7 (Cam Fowler 31, Trevor Zegras 29) at 19:18 (PP)
Ryan Murray (DET) for High sticking (Minor) at 2:13
John Carlson (DET) for Holding (Minor) at 18:31
2nd period
5. Bruins , Nick Paul 5 (Nicolas Roy 12, Mark Giordano 16) at 6:03
6. RedWings , David Perron 10 (John Carlson 29, Erik Karlsson 36) at 11:37
Ryan Murray (DET) for Hooking (Minor) at 1:18
Mark Scheifele (DET) for Slashing (Minor) at 15:36
Jamie Oleksiak (BOS) for Slashing (Minor) at 15:36
Anze Kopitar (BOS) for Holding (Minor) at 18:18
Jamie Oleksiak (BOS) for Delaying the game (Minor) at 19:38
3rd period
No Goal
Mark Giordano (BOS) for Interference (Minor) at 2:39
Derick Brassard (DET) for Tripping (Minor) at 8:55
Nick Foligno (DET) for High sticking (Minor) at 14:13
Overtime #1
7. RedWings , Mark Scheifele 17 (John Carlson 30, David Perron 17) at 1:16
No Penalty
Goalie Stats
Jake Oettinger (BOS), 17 saves from 21 shots - (0.810), OTL, 24-11-4, 61:17 minutes
Adin Hill (DET), 26 saves from 29 shots - (0.897), W, 13-12-1, 61:17 minutes
3 StarsOfficial
1 - David Perron (DET)
2 - Mark Scheifele (DET)
3 - John Carlson (DET)
Referees : Dean Morton and Jon McIsaac
Linesman : Ryan Gibbons and Devin Berg
Game Note
No Game Note
Finance
Level 1 -- Attendance: 6500 (100.00%) -- Ticket Income $780,000
Level 2 -- Attendance: 4959 (99.18%) -- Ticket Income $396,720
Level 3 -- Attendance: 3167 (90.49%) -- Ticket Income $221,690
Level 4 -- Attendance: 2528 (62.78%) -- Ticket Income $88,480
Luxury Box -- Attendance: 926 (92.60%) -- Ticket Income $203,720
Game was played at the Joe Louis Arena.
Total Attendance: 18080 (90.28%)
Total Ticket Income: $1,690,610
Other Income: $422,652
Total Income: $2,113,262



Team Name Goals Shots Shots Attemp Shots Blocked PIM HIT PP PK FO%
Bruins 3295548212 / 5 (40%)055%
RedWings 42145912170 / 3 (0%)245%

Bruins
Player Name POS G A P +/- PIM HIT SHT SB MP PP MP PP SHT PK MP PK SHT FO% FOT
Alex IafalloLW000-3001018:370:1803:1200% 1
Anze KopitarC000-1232020:102:4000:00052% 23
Brady SkjeiD1120013120:274:1930:1300% 0
Brett PesceD0001000117:340:4801:5400% 0
Bryan RustRW101-1022021:153:4420:00050% 2
Cam FowlerD011-1004022:424:0741:4600% 0
Charlie CoyleC000-3023020:291:5213:30059% 22
Dmitry KulikovD000-201008:443:5700:0000% 0
Jamie OleksiakD000-1420113:240:0002:2800% 0
Kailer YamamotoRW000003207:544:3220:0000% 0
Mark GiordanoD0111211121:343:5711:5800% 0
Nick PaulLW1011012014:360:0001:48040% 5
Nicolas RoyC0111001011:410:0001:27075% 12
T.J. BrodieD000-3000016:490:0002:1600% 0
Trevor ZegrasC0110013021:093:4400:00046% 13
Tyler BertuzziLW0111031013:284:0200:00050% 2
Yegor SharangovichC000-3012016:130:1800:0000% 0
Zach PariseLW000000209:054:3210:0000% 0
RedWings
Player Name POS G A P +/- PIM HIT SHT SB MP PP MP PP SHT PK MP PK SHT FO% FOT
Brayden SchennC0111012022:162:5902:39035% 23
David PastrnakRW0111011022:522:1902:05052% 21
David PerronLW1232015017:360:0000:3800% 0
Denis GurianovRW0000000010:130:0000:00038% 8
Derick BrassardC000022005:240:0000:0000% 0
Drew DoughtyD0000023023:212:2535:1300% 0
Erik KarlssonD0111011126:492:5305:2900% 0
Evgenii DadonovRW0000000120:292:1905:510100% 1
John CarlsonD0222221524:412:5303:3900% 0
Mark ScheifeleC2022204019:162:1900:00025% 4
Nick CousinsC0001000113:430:0000:0000% 1
Nick FolignoLW0000200010:120:0000:0000% 0
Patrik NemethD000000001:270:0000:4100% 0
Phillip Di GiuseppeLW0001020014:582:5900:000100% 1
Ryan HartmanRW1011012022:232:5905:55052% 21
Ryan MurrayD0111411118:102:2502:0600% 0
Seth JonesD0000031013:570:0000:0000% 0
Stefan NoesenRW000000005:250:0000:0000% 0



Play-by-Play

1st period


0:01 of 1st period - Anze Kopitar wins face-off versus David Pastrnak in neutral zone.
0:16 of 1st period - Shot by Bryan Rust.
0:16 of 1st period - Shot Misses the Net.
0:56 of 1st period - Cam Fowler is hit by Brayden Schenn and loses puck.
1:22 of 1st period - Bryan Rust is hit by Drew Doughty and loses puck.
2:13 of 1st period - Minor Penalty to Ryan Murray for High sticking.
2:14 of 1st period - Ryan Hartman wins face-off versus Charlie Coyle in RedWings zone.
2:25 of 1st period - Shot by Dmitry Kulikov.
2:25 of 1st period - Shot Blocked by John Carlson.
2:27 of 1st period - Shot by Zach Parise.
2:27 of 1st period - Shot Blocked by Erik Karlsson.
2:29 of 1st period - Shot by Kailer Yamamoto.
2:29 of 1st period - Deflect By Charlie Coyle.
2:29 of 1st period - Shot Misses the Net.
2:31 of 1st period - Shot by Charlie Coyle.
2:31 of 1st period - Shot Misses the Net.
2:39 of 1st period - Shot by Kailer Yamamoto.
2:39 of 1st period - Stopped by Adin Hill with a rebound.
2:41 of 1st period - Shot by Charlie Coyle.
2:41 of 1st period - Stopped by Adin Hill without a rebound.
2:42 of 1st period - Brayden Schenn wins face-off versus Charlie Coyle in RedWings zone.
2:49 of 1st period - Shot by Charlie Coyle.
2:49 of 1st period - Shot Misses the Net.
2:52 of 1st period - Kailer Yamamoto is hit by Erik Karlsson and loses puck.
3:33 of 1st period - Shot by Cam Fowler.
3:33 of 1st period - Stopped by Adin Hill without a rebound.
3:34 of 1st period - Ryan Hartman wins face-off versus Trevor Zegras in RedWings zone.
3:34 of 1st period - Ryan Hartman is hit by Tyler Bertuzzi.
4:03 of 1st period - Shot by Bryan Rust.
4:03 of 1st period - Goal by Bryan Rust - Bruins : 1 - RedWings : 0.
4:04 of 1st period - David Pastrnak wins face-off versus Charlie Coyle in neutral zone.
4:09 of 1st period - Shot by David Perron.
4:09 of 1st period - Shot Misses the Net.
4:11 of 1st period - Shot by Mark Scheifele.
4:11 of 1st period - Goal by Mark Scheifele - Bruins : 1 - RedWings : 1.
4:12 of 1st period - Nick Paul wins face-off versus David Pastrnak in neutral zone.
4:55 of 1st period - Shot by David Perron.
4:55 of 1st period - Stopped by Jake Oettinger without a rebound.
4:56 of 1st period - Charlie Coyle wins face-off versus Denis Gurianov in Bruins zone.
5:11 of 1st period - Shot by Yegor Sharangovich.
5:11 of 1st period - Shot Misses the Net.
5:27 of 1st period - Shot by Alex Iafallo.
5:27 of 1st period - Shot Misses the Net.
5:31 of 1st period - Shot by Alex Iafallo.
5:31 of 1st period - Shot Blocked by John Carlson.
5:33 of 1st period - Shot by Alex Iafallo.
5:33 of 1st period - Stopped by Adin Hill without a rebound.
5:34 of 1st period - Brayden Schenn wins face-off versus Anze Kopitar in RedWings zone.
5:51 of 1st period - Phillip Di Giuseppe is hit by Anze Kopitar and loses puck.
6:18 of 1st period - Icing by Brayden Schenn.
6:19 of 1st period - Nicolas Roy wins face-off versus Brayden Schenn in RedWings zone.
7:49 of 1st period - Shot by Yegor Sharangovich.
7:49 of 1st period - Stopped by Adin Hill without a rebound.
7:50 of 1st period - Charlie Coyle wins face-off versus Denis Gurianov in RedWings zone.
8:23 of 1st period - Seth Jones is hit by Yegor Sharangovich.
9:57 of 1st period - Shot by Mark Scheifele.
9:57 of 1st period - Deflect By David Perron.
9:57 of 1st period - Stopped by Jake Oettinger with a rebound.
10:04 of 1st period - Icing by Brady Skjei.
10:05 of 1st period - Brayden Schenn wins face-off versus Anze Kopitar in Bruins zone.
10:45 of 1st period - Shot by Nicolas Roy.
10:45 of 1st period - Stopped by Adin Hill without a rebound.
10:46 of 1st period - David Pastrnak wins face-off versus Charlie Coyle in RedWings zone.
10:55 of 1st period - Shot by Charlie Coyle.
10:55 of 1st period - Shot Blocked by John Carlson.
11:08 of 1st period - Mark Scheifele is hit by Jamie Oleksiak and loses puck.
11:15 of 1st period - Shot by David Pastrnak.
11:15 of 1st period - Deflect By David Perron.
11:15 of 1st period - Shot Misses the Net.
11:25 of 1st period - Shot by David Perron.
11:25 of 1st period - Shot Blocked by Jamie Oleksiak.
11:50 of 1st period - Nick Cousins is hit by Mark Giordano and loses puck.
11:54 of 1st period - Icing by Brett Pesce.
11:55 of 1st period - Brayden Schenn wins face-off versus Nicolas Roy in Bruins zone.
12:06 of 1st period - Phillip Di Giuseppe is hit by Tyler Bertuzzi and loses puck.
13:23 of 1st period - Icing by Brady Skjei.
13:24 of 1st period - David Pastrnak wins face-off versus Trevor Zegras in Bruins zone.
13:37 of 1st period - Shot by Mark Scheifele.
13:37 of 1st period - Deflect By David Perron.
13:37 of 1st period - Shot Misses the Net.
14:36 of 1st period - Shot by Brayden Schenn.
14:36 of 1st period - Shot Misses the Net.
14:38 of 1st period - Shot by Ryan Hartman.
14:38 of 1st period - Stopped by Jake Oettinger without a rebound.
14:39 of 1st period - Brayden Schenn wins face-off versus Charlie Coyle in Bruins zone.
14:44 of 1st period - Shot by Brayden Schenn.
14:44 of 1st period - Shot Misses the Net.
15:02 of 1st period - Shot by Yegor Sharangovich.
15:02 of 1st period - Shot Misses the Net.
15:04 of 1st period - Shot by Yegor Sharangovich.
15:04 of 1st period - Shot Misses the Net.
15:50 of 1st period - Shot by Seth Jones.
15:50 of 1st period - Stopped by Jake Oettinger without a rebound.
15:51 of 1st period - Tyler Bertuzzi wins face-off versus Mark Scheifele in Bruins zone.
16:06 of 1st period - Shot by Nicolas Roy.
16:06 of 1st period - Shot Misses the Net.
17:30 of 1st period - Shot by Charlie Coyle.
17:30 of 1st period - Stopped by Adin Hill without a rebound.
17:31 of 1st period - Brayden Schenn wins face-off versus Anze Kopitar in RedWings zone.
17:31 of 1st period - Brayden Schenn is hit by Bryan Rust.
17:34 of 1st period - Ryan Hartman is hit by Trevor Zegras and loses puck.
17:58 of 1st period - Icing by Brayden Schenn.
17:59 of 1st period - Charlie Coyle wins face-off versus Brayden Schenn in RedWings zone.
18:21 of 1st period - Shot by Ryan Hartman.
18:21 of 1st period - Goal by Ryan Hartman - Bruins : 1 - RedWings : 2.
18:22 of 1st period - David Pastrnak wins face-off versus Trevor Zegras in neutral zone.
18:31 of 1st period - Minor Penalty to John Carlson for Holding.
18:32 of 1st period - Ryan Hartman wins face-off versus Bryan Rust in RedWings zone.
18:43 of 1st period - Shot by Cam Fowler.
18:43 of 1st period - Stopped by Adin Hill without a rebound.
18:44 of 1st period - Anze Kopitar wins face-off versus Ryan Hartman in RedWings zone.
18:54 of 1st period - Icing by Zach Parise.
18:55 of 1st period - Anze Kopitar wins face-off versus Ryan Hartman in Bruins zone.
19:02 of 1st period - Shot by Brady Skjei.
19:02 of 1st period - Stopped by Adin Hill without a rebound.
19:03 of 1st period - Ryan Hartman wins face-off versus Trevor Zegras in RedWings zone.
19:18 of 1st period - Shot by Brady Skjei.
19:18 of 1st period - Goal by Brady Skjei - Bruins : 2 - RedWings : 2.
19:19 of 1st period - Charlie Coyle wins face-off versus David Pastrnak in neutral zone.
19:21 of 1st period - Brett Pesce is hit by David Pastrnak and loses puck.
19:26 of 1st period - Shot by Mark Scheifele.
19:26 of 1st period - Stopped by Jake Oettinger with a rebound.
19:28 of 1st period - Shot by David Pastrnak.
19:28 of 1st period - Stopped by Jake Oettinger without a rebound.
19:29 of 1st period - Nick Paul wins face-off versus David Pastrnak in Bruins zone.
19:36 of 1st period - Erik Karlsson is hit by Kailer Yamamoto.
Goals for this period are 2 for Bruins vs 2 for RedWings.
Shots for this period are 11 for Bruins vs 8 for RedWings.

2nd period


0:01 of 2nd period - Brayden Schenn wins face-off versus Charlie Coyle in neutral zone.
0:25 of 2nd period - Shot by Ryan Hartman.
0:25 of 2nd period - Deflect By Brayden Schenn.
0:25 of 2nd period - Shot Misses the Net.
1:07 of 2nd period - Shot by David Perron.
1:07 of 2nd period - Stopped by Jake Oettinger without a rebound.
1:08 of 2nd period - Nicolas Roy wins face-off versus David Pastrnak in Bruins zone.
1:08 of 2nd period - Nicolas Roy is hit by Derick Brassard.
1:14 of 2nd period - Derick Brassard is hit by Tyler Bertuzzi and loses puck.
1:18 of 2nd period - Minor Penalty to Ryan Murray for Hooking.
1:19 of 2nd period - Trevor Zegras wins face-off versus Ryan Hartman in RedWings zone.
1:27 of 2nd period - Icing by Brady Skjei.
1:28 of 2nd period - Trevor Zegras wins face-off versus Ryan Hartman in Bruins zone.
1:32 of 2nd period - Icing by Cam Fowler.
1:33 of 2nd period - Trevor Zegras wins face-off versus Ryan Hartman in Bruins zone.
1:33 of 2nd period - Trevor Zegras is hit by Ryan Hartman.
1:41 of 2nd period - Shot by Cam Fowler.
1:41 of 2nd period - Stopped by Adin Hill without a rebound.
1:42 of 2nd period - Trevor Zegras wins face-off versus Ryan Hartman in RedWings zone.
1:45 of 2nd period - Shot by Bryan Rust.
1:45 of 2nd period - Stopped by Adin Hill without a rebound.
1:46 of 2nd period - Ryan Hartman wins face-off versus Tyler Bertuzzi in RedWings zone.
2:07 of 2nd period - Icing by Cam Fowler.
2:08 of 2nd period - Ryan Hartman wins face-off versus Trevor Zegras in Bruins zone.
2:16 of 2nd period - Cam Fowler is hit by Drew Doughty and loses puck.
2:23 of 2nd period - Shot by Cam Fowler.
2:23 of 2nd period - Stopped by Adin Hill without a rebound.
2:24 of 2nd period - Ryan Hartman wins face-off versus Anze Kopitar in RedWings zone.
2:24 of 2nd period - Ryan Hartman is hit by Kailer Yamamoto.
2:34 of 2nd period - Drew Doughty is hit by Anze Kopitar and loses puck.
2:53 of 2nd period - Ryan Hartman is hit by Kailer Yamamoto and loses puck.
3:02 of 2nd period - Shot by Anze Kopitar.
3:02 of 2nd period - Shot Blocked by John Carlson.
3:22 of 2nd period - Icing by Charlie Coyle.
3:23 of 2nd period - Charlie Coyle wins face-off versus David Pastrnak in Bruins zone.
4:25 of 2nd period - Yegor Sharangovich is hit by Phillip Di Giuseppe and loses puck.
5:24 of 2nd period - Shot by Trevor Zegras.
5:24 of 2nd period - Shot Misses the Net.
5:37 of 2nd period - Off-side.
5:38 of 2nd period - Nicolas Roy wins face-off versus David Pastrnak in neutral zone.
6:03 of 2nd period - Shot by Nick Paul.
6:03 of 2nd period - Goal by Nick Paul - Bruins : 3 - RedWings : 2.
6:04 of 2nd period - Anze Kopitar wins face-off versus Brayden Schenn in neutral zone.
6:33 of 2nd period - Shot by Anze Kopitar.
6:33 of 2nd period - Deflect By Trevor Zegras.
6:33 of 2nd period - Shot Misses the Net.
6:43 of 2nd period - Shot by Seth Jones.
6:43 of 2nd period - Shot Blocked by Brady Skjei.
7:41 of 2nd period - Icing by Mark Giordano.
7:42 of 2nd period - Evgenii Dadonov wins face-off versus Nicolas Roy in Bruins zone.
8:05 of 2nd period - Anze Kopitar is hit by Derick Brassard and loses puck.
8:18 of 2nd period - Shot by Trevor Zegras.
8:18 of 2nd period - Shot Misses the Net.
8:20 of 2nd period - Shot by Anze Kopitar.
8:20 of 2nd period - Deflect By Trevor Zegras.
8:20 of 2nd period - Stopped by Adin Hill without a rebound.
8:21 of 2nd period - Charlie Coyle wins face-off versus David Pastrnak in RedWings zone.
8:27 of 2nd period - Icing by Erik Karlsson.
8:28 of 2nd period - David Pastrnak wins face-off versus Charlie Coyle in RedWings zone.
8:54 of 2nd period - Icing by Erik Karlsson.
8:55 of 2nd period - David Pastrnak wins face-off versus Anze Kopitar in RedWings zone.
9:43 of 2nd period - Icing by Mark Giordano.
9:44 of 2nd period - Anze Kopitar wins face-off versus Brayden Schenn in Bruins zone.
10:23 of 2nd period - Phillip Di Giuseppe is hit by Brady Skjei.
10:28 of 2nd period - Off-side.
10:29 of 2nd period - Charlie Coyle wins face-off versus Denis Gurianov in neutral zone.
10:40 of 2nd period - Evgenii Dadonov is hit by Charlie Coyle and loses puck.
11:30 of 2nd period - David Pastrnak is hit by Dmitry Kulikov and loses puck.
11:37 of 2nd period - Shot by David Perron.
11:37 of 2nd period - Goal by David Perron - Bruins : 3 - RedWings : 3.
11:38 of 2nd period - Nicolas Roy wins face-off versus Brayden Schenn in neutral zone.
11:49 of 2nd period - Cam Fowler is hit by Phillip Di Giuseppe and loses puck.
12:02 of 2nd period - Shot by Ryan Hartman.
12:02 of 2nd period - Shot Misses the Net.
12:04 of 2nd period - Shot by Brayden Schenn.
12:04 of 2nd period - Stopped by Jake Oettinger without a rebound.
12:05 of 2nd period - David Pastrnak wins face-off versus Anze Kopitar in Bruins zone.
14:00 of 2nd period - Brady Skjei is hit by Ryan Murray and loses puck.
14:26 of 2nd period - Shot by Yegor Sharangovich.
14:26 of 2nd period - Stopped by Adin Hill with a rebound.
14:29 of 2nd period - Icing by Ryan Murray.
14:30 of 2nd period - Charlie Coyle wins face-off versus Denis Gurianov in RedWings zone.
15:31 of 2nd period - Shot by David Pastrnak.
15:31 of 2nd period - Deflect By David Perron.
15:31 of 2nd period - Shot Misses the Net.
15:33 of 2nd period - Shot by John Carlson.
15:33 of 2nd period - Shot Misses the Net.
15:35 of 2nd period - Shot by David Perron.
15:35 of 2nd period - Shot Misses the Net.
15:36 of 2nd period - Minor Penalty to Mark Scheifele for Slashing.
15:36 of 2nd period - Minor Penalty to Jamie Oleksiak for Slashing.
15:37 of 2nd period - Ryan Hartman wins face-off versus Trevor Zegras in Bruins zone.
16:32 of 2nd period - Shot by Brayden Schenn.
16:32 of 2nd period - Shot Misses the Net.
16:34 of 2nd period - Shot by Ryan Murray.
16:34 of 2nd period - Stopped by Jake Oettinger without a rebound.
16:35 of 2nd period - Nicolas Roy wins face-off versus Ryan Hartman in Bruins zone.
17:12 of 2nd period - Off-side.
17:13 of 2nd period - Ryan Hartman wins face-off versus Trevor Zegras in neutral zone.
18:05 of 2nd period - Off-side.
18:06 of 2nd period - Anze Kopitar wins face-off versus Nick Cousins in neutral zone.
18:18 of 2nd period - Minor Penalty to Anze Kopitar for Holding.
18:19 of 2nd period - Charlie Coyle wins face-off versus Brayden Schenn in Bruins zone.
18:31 of 2nd period - Brayden Schenn is hit by Jamie Oleksiak and loses puck.
18:34 of 2nd period - Shot by Erik Karlsson.
18:34 of 2nd period - Shot Blocked by Mark Giordano.
18:36 of 2nd period - Shot by John Carlson.
18:36 of 2nd period - Shot Misses the Net.
19:16 of 2nd period - Shot by Drew Doughty.
19:16 of 2nd period - Stopped by Jake Oettinger with a rebound.
19:38 of 2nd period - Minor Penalty to Jamie Oleksiak for Delaying the game.
19:39 of 2nd period - Phillip Di Giuseppe wins face-off versus Nick Paul in Bruins zone.
Goals for this period are 1 for Bruins vs 1 for RedWings.
Shots for this period are 6 for Bruins vs 5 for RedWings.

3rd period


0:01 of 3rd period - Charlie Coyle wins face-off versus Mark Scheifele in neutral zone.
0:18 of 3rd period - Shot by Erik Karlsson.
0:18 of 3rd period - Shot Misses the Net.
1:04 of 3rd period - Drew Doughty is hit by Charlie Coyle and loses puck.
1:55 of 3rd period - Shot by Trevor Zegras.
1:55 of 3rd period - Stopped by Adin Hill with a rebound.
1:57 of 3rd period - Shot by Jamie Oleksiak.
1:57 of 3rd period - Shot Misses the Net.
1:59 of 3rd period - Shot by Anze Kopitar.
1:59 of 3rd period - Stopped by Adin Hill without a rebound.
2:00 of 3rd period - Denis Gurianov wins face-off versus Nick Paul in RedWings zone.
2:02 of 3rd period - Erik Karlsson is hit by Nick Paul and loses puck.
2:33 of 3rd period - Shot by Evgenii Dadonov.
2:33 of 3rd period - Deflect By Denis Gurianov.
2:33 of 3rd period - Shot Misses the Net.
2:35 of 3rd period - Shot by Evgenii Dadonov.
2:35 of 3rd period - Shot Blocked by Brett Pesce.
2:37 of 3rd period - Shot by John Carlson.
2:37 of 3rd period - Shot Misses the Net.
2:39 of 3rd period - Shot by Erik Karlsson.
2:39 of 3rd period - Stopped by Jake Oettinger without a rebound.
2:39 of 3rd period - Minor Penalty to Mark Giordano for Interference.
2:40 of 3rd period - Brayden Schenn wins face-off versus Charlie Coyle in Bruins zone.
3:09 of 3rd period - Shot by Drew Doughty.
3:09 of 3rd period - Stopped by Jake Oettinger without a rebound.
3:10 of 3rd period - David Pastrnak wins face-off versus Charlie Coyle in Bruins zone.
4:25 of 3rd period - Shot by Drew Doughty.
4:25 of 3rd period - Stopped by Jake Oettinger without a rebound.
4:26 of 3rd period - Nicolas Roy wins face-off versus Brayden Schenn in Bruins zone.
4:45 of 3rd period - Shot by Nick Paul.
4:45 of 3rd period - Shot Blocked by Ryan Murray.
5:03 of 3rd period - Shot by Anze Kopitar.
5:03 of 3rd period - Deflect By Trevor Zegras.
5:03 of 3rd period - Stopped by Adin Hill without a rebound.
5:04 of 3rd period - Denis Gurianov wins face-off versus Nick Paul in RedWings zone.
5:46 of 3rd period - Shot by Zach Parise.
5:46 of 3rd period - Stopped by Adin Hill without a rebound.
5:47 of 3rd period - Anze Kopitar wins face-off versus Brayden Schenn in RedWings zone.
6:04 of 3rd period - Shot by Bryan Rust.
6:04 of 3rd period - Shot Blocked by John Carlson.
6:06 of 3rd period - Shot by Anze Kopitar.
6:06 of 3rd period - Stopped by Adin Hill without a rebound.
6:07 of 3rd period - David Pastrnak wins face-off versus Alex Iafallo in RedWings zone.
6:37 of 3rd period - Shot by David Perron.
6:37 of 3rd period - Stopped by Jake Oettinger without a rebound.
6:38 of 3rd period - Anze Kopitar wins face-off versus Brayden Schenn in Bruins zone.
6:47 of 3rd period - Shot by Brayden Schenn.
6:47 of 3rd period - Stopped by Jake Oettinger without a rebound.
6:48 of 3rd period - Nicolas Roy wins face-off versus Brayden Schenn in Bruins zone.
6:59 of 3rd period - Shot by Nick Paul.
6:59 of 3rd period - Stopped by Adin Hill without a rebound.
7:00 of 3rd period - David Pastrnak wins face-off versus Anze Kopitar in RedWings zone.
7:00 of 3rd period - David Pastrnak is hit by Anze Kopitar.
7:30 of 3rd period - Anze Kopitar is hit by David Perron and loses puck.
7:42 of 3rd period - Bryan Rust is hit by Seth Jones and loses puck.
8:13 of 3rd period - Erik Karlsson is hit by Bryan Rust and loses puck.
8:34 of 3rd period - Shot by Brayden Schenn.
8:34 of 3rd period - Shot Misses the Net.
8:55 of 3rd period - Minor Penalty to Derick Brassard for Tripping.
8:56 of 3rd period - Charlie Coyle wins face-off versus Ryan Hartman in RedWings zone.
8:57 of 3rd period - Shot by Brady Skjei.
8:57 of 3rd period - Shot Misses the Net.
9:11 of 3rd period - Shot by Zach Parise.
9:11 of 3rd period - Stopped by Adin Hill without a rebound.
9:12 of 3rd period - Ryan Hartman wins face-off versus Anze Kopitar in RedWings zone.
9:56 of 3rd period - Icing by Cam Fowler.
9:57 of 3rd period - Trevor Zegras wins face-off versus Ryan Hartman in Bruins zone.
10:12 of 3rd period - Shot by Brady Skjei.
10:12 of 3rd period - Stopped by Adin Hill without a rebound.
10:13 of 3rd period - Anze Kopitar wins face-off versus Ryan Hartman in RedWings zone.
10:20 of 3rd period - Shot by Dmitry Kulikov.
10:20 of 3rd period - Deflect By Kailer Yamamoto.
10:20 of 3rd period - Shot Misses the Net.
10:28 of 3rd period - Shot by Mark Giordano.
10:28 of 3rd period - Stopped by Adin Hill with a rebound.
10:30 of 3rd period - Shot by Kailer Yamamoto.
10:30 of 3rd period - Stopped by Adin Hill without a rebound.
10:31 of 3rd period - Trevor Zegras wins face-off versus Brayden Schenn in RedWings zone.
10:31 of 3rd period - Brady Skjei is hit by John Carlson and loses puck.
11:22 of 3rd period - Shot by Nick Cousins.
11:22 of 3rd period - Shot Misses the Net.
11:29 of 3rd period - Off-side.
11:30 of 3rd period - David Pastrnak wins face-off versus Nicolas Roy in neutral zone.
11:59 of 3rd period - Shot by Mark Scheifele.
11:59 of 3rd period - Stopped by Jake Oettinger with a rebound.
12:01 of 3rd period - Shot by John Carlson.
12:01 of 3rd period - Stopped by Jake Oettinger without a rebound.
12:02 of 3rd period - Bryan Rust wins face-off versus Denis Gurianov in Bruins zone.
12:06 of 3rd period - Mark Giordano is hit by Seth Jones and loses puck.
12:16 of 3rd period - Off-side.
12:17 of 3rd period - Charlie Coyle wins face-off versus Brayden Schenn in neutral zone.
13:32 of 3rd period - Icing by Anze Kopitar.
13:33 of 3rd period - Denis Gurianov wins face-off versus Anze Kopitar in Bruins zone.
13:51 of 3rd period - Bryan Rust is hit by Seth Jones and loses puck.
14:13 of 3rd period - Minor Penalty to Nick Foligno for High sticking.
14:14 of 3rd period - Ryan Hartman wins face-off versus Anze Kopitar in RedWings zone.
16:22 of 3rd period - Shot by Tyler Bertuzzi.
16:22 of 3rd period - Shot Blocked by Nick Cousins.
16:24 of 3rd period - Shot by Nicolas Roy.
16:24 of 3rd period - Deflect By Tyler Bertuzzi.
16:24 of 3rd period - Stopped by Adin Hill without a rebound.
16:25 of 3rd period - Charlie Coyle wins face-off versus David Pastrnak in RedWings zone.
17:34 of 3rd period - Nick Paul is hit by John Carlson and loses puck.
17:57 of 3rd period - Icing by Mark Giordano.
17:58 of 3rd period - Nicolas Roy wins face-off versus Brayden Schenn in Bruins zone.
18:18 of 3rd period - Icing by Seth Jones.
18:19 of 3rd period - Anze Kopitar wins face-off versus Brayden Schenn in RedWings zone.
18:44 of 3rd period - Shot by Ryan Hartman.
18:44 of 3rd period - Shot Misses the Net.
19:52 of 3rd period - Shot by Alex Iafallo.
19:52 of 3rd period - Shot Blocked by Evgenii Dadonov.
19:54 of 3rd period - Shot by Charlie Coyle.
19:54 of 3rd period - Stopped by Adin Hill without a rebound.
19:55 of 3rd period - Nicolas Roy wins face-off versus David Pastrnak in RedWings zone.
Goals for this period are 0 for Bruins vs 0 for RedWings.
Shots for this period are 12 for Bruins vs 7 for RedWings.

Overtime #1


0:01 of 1st overtime period - Anze Kopitar wins face-off versus Brayden Schenn in neutral zone.
0:22 of 1st overtime period - Shot by Anze Kopitar.
0:22 of 1st overtime period - Shot Misses the Net.
0:34 of 1st overtime period - Shot by Cam Fowler.
0:34 of 1st overtime period - Shot Hit the Post.
0:53 of 1st overtime period - Icing by Anze Kopitar.
0:54 of 1st overtime period - Anze Kopitar wins face-off versus Mark Scheifele in Bruins zone.
0:56 of 1st overtime period - Icing by Cam Fowler.
0:57 of 1st overtime period - Mark Scheifele wins face-off versus Anze Kopitar in Bruins zone.
1:10 of 1st overtime period - Shot by David Perron.
1:10 of 1st overtime period - Shot Misses the Net.
1:12 of 1st overtime period - Shot by John Carlson.
1:12 of 1st overtime period - Shot Misses the Net.
1:16 of 1st overtime period - Shot by Mark Scheifele.
1:16 of 1st overtime period - Goal by Mark Scheifele - Bruins : 3 - RedWings : 4.
Goals for this period are 0 for Bruins vs 1 for RedWings.
Shots for this period are 0 for Bruins vs 1 for RedWings.